 Dungeon Crawl Stone Soup version 0.28-a0-465-ge2dae52223 (webtiles) character file.

Game seed: 985060414589678645

42333 hanibal1337 the Fencer (level 13, -9/183 HPs)
             Began as a Minotaur Fighter on Sept 14, 2021.
             Was an Elder of the Shining One.
             Mangled by an elephant (10 damage)
             ... on level 6 of the Lair of Beasts.
             The game lasted 01:10:56 (21019 turns).

hanibal1337 the Fencer (Minotaur Fighter)          Turns: 21019, Time: 01:10:57

Health: -9/183     AC: 30    Str: 19 (22) XL:     13   Next: 84%
Magic:  14/14      EV:  2    Int:  4 (5)  God:    the Shining One [****..]
Gold:   892        SH: 13    Dex: 13 (14) Spells: 12/12 levels left

rFire   . . .      SeeInvis .   u - +1 long sword (elec)
rCold   . . .      Faith    .   c - +1 buckler
rNeg    + + +      Spirit   .   (armour currently unavailable)
rPois   +          Reflect  +   (helmet currently unavailable)
rElec   .          Harm     .   (cloak currently unavailable)
rCorr   .          Rampage  .   (gloves currently unavailable)
Will    .....      NoTele   +   (boots currently unavailable)
Stlth   +.........              F - amulet of reflection
HPRegen 0.40/turn               f - +4 ring of protection
MPRegen 0.14/turn               C - ring of flight

@: tree-form, glowing
A: stationary, stasis, torment immunity, boosted hp, (horns 2), (retaliatory
headbutt), wild magic 1, evolution 1
a: Renounce Religion, Divine Shield, Cleansing Flame


You were on level 6 of the Lair of Beasts.
You worshipped the Shining One.
The Shining One was greatly pleased with you.
You were a tree.
You visited 3 branches of the dungeon, and saw 17 of its levels.

You collected 892 gold pieces.

Inventory:

Hand Weapons
 a - a +0 long sword
 u - a +1 long sword of electrocution (weapon)
 y - a +2 war axe of flaming
Missiles
 B - 3 throwing nets
Armour
 b - a +0 scale mail (melded)
 c - a +1 buckler (worn)
 g - a +2 pair of gloves (melded)
 r - a +0 pair of gloves
 O - the +4 skin of Zhor {*Englaciate rC+++ SInv}
   (You found it on level 1 of the Lair of Beasts)

   It radiates cold, occasionally slowing all nearby creatures who are not
   resistant to cold.
   rC:        It renders you almost immune to cold.
   SInv:      It lets you see invisible.
 T - the +3 scale mail of Qazlal's Favour {rN++ Str+2}
   (You found it on level 4 of the Lair of Beasts)

   Str:       It affects your strength (+2).
   rN:        It greatly protects you from negative energy.
Jewellery
 f - a +4 ring of protection (left branch)
 C - a ring of flight (right branch)
 F - an amulet of reflection (around neck)
 J - a ring of resist corrosion
 K - a ring of positive energy
 M - the ring of Insomnia {rF+ rN+ MP+9 Int+2}
   (You found it on level 10 of the Dungeon)

   [ring of positive energy]

   Int:       It affects your intelligence (+2).
   rF:        It protects you from fire.
   rN:        It protects you from negative energy.
   MP:        It affects your magic capacity (+9).
 N - a ring of wizardry
 Q - an amulet of faith
Wands
 d - a wand of polymorph (17)
 w - a wand of paralysis (12)
 D - a wand of flame (58)
 E - a wand of iceblast (21)
 H - a wand of charming (11) (quivered)
Scrolls
 h - 2 scrolls of noise
 j - 12 scrolls of identify {unknown}
 k - a scroll of brand weapon {unknown}
 l - a scroll of enchant weapon
 m - 4 scrolls of enchant armour
 n - 4 scrolls of amnesia
 q - a scroll of blinking
 s - 3 scrolls of torment
 v - a scroll of immolation {unknown}
 x - a scroll of magic mapping {unknown}
 A - 2 scrolls of acquirement {unknown}
 L - a scroll of fog {unknown}
 S - a scroll of vulnerability {unknown}
Potions
 e - 3 potions of invisibility
 i - 2 potions of degeneration
 p - 5 potions of flight
 z - a potion of mutation
 I - a potion of lignification
 P - a potion of magic {unknown}
Miscellaneous
 R - a condenser vane
 U - a lightning rod (4/4)


   Skills:
 * Level 13.0 Fighting
 * Level 15.0 Long Blades
 - Level 4.8 Axes
 * Level 13.0 Armour
 - Level 7.2 Dodging
 - Level 2.2 Stealth
 * Level 12.8 Shields
 * Level 3.4 Invocations


You had 12 spell levels left.
You didn't know any spells.
Your spell library contained the following spells:

 Spells                   Type           Power      Damage    Failure   Level
 Animate Skeleton         Necr           0%         N/A       58%         1
 Apportation              Tloc           0%         N/A       58%         1
 Pain                     Necr           0%         1d4       58%         1
 Blink                    Tloc           N/A        N/A       73%         2
 Corpse Rot               Necr/Air       N/A        N/A       73%         2
 Passwall                 Tmut/Erth      0%         N/A       73%         2
 Poisonous Vapours        Pois/Air       0%         N/A       73%         2
 Lesser Beckoning         Tloc           0%         N/A       90%         3
 Stone Arrow              Conj/Erth      0%         3d7       90%         3
 Swiftness                Air            0%         N/A       90%         3
 Vampiric Draining        Necr           0%         2d6       90%         3
 Animate Armour           Summ/Erth      0%         N/A       100%        4
 Alistair's Intoxication  Tmut/Pois      0%         N/A       100%        5
 Manifold Assault         Tloc           0%         N/A       100%        5
 Invisibility             Hex            0%         N/A       100%        6
 Lehudib's Crystal Spear  Conj/Erth      0%         10d2      100%        8


Dungeon Overview and Level Annotations

Branches:
Dungeon (10/15)            Temple (1/1) D:7            Lair (6/6) D:8
  Swamp (0/4) Lair:3       Spider (0/4) Lair:3        Slime (0/5) Lair:5
    Orc (0/2) D:9

Altars:
Ashenzari
Cheibriados
Dithmenos
Elyvilon
Fedhas
Gozag
Hepliaklqana
Kikubaaqudgha
Makhleb
Nemelex Xobeh
Okawaru
Qazlal
Ru
Sif Muna
Trog
Uskayaw
Vehumet
Wu Jian
Xom
Yredelemnul
Zin
The Shining One

Shops:
D:3 =   D:4 *   D:5 =*   D:8 =


Innate Abilities, Weirdness & Mutations

You are a tree.
Your roots penetrate the ground, keeping you stationary.
You cannot be teleported.
You are immune to unholy pain and torment.
Your maximum health is greatly increased.
Your equipment is partially melded.
((You have a pair of horns on your head.))
((You reflexively headbutt those who attack you in melee.))
Your spells are a little harder to cast, but a little more powerful.
You have hidden genetic potential.


Message History

The elephant tramples you but does no damage.
The elephant trunk-slaps you but does no damage.
The elephant tramples you.
* * * LOW HITPOINT WARNING * * *
The elephant trunk-slaps you but does no damage.
You slash the elephant! Lightning courses through the elephant!
You kill the elephant!
The elephant tramples you.
* * * LOW HITPOINT WARNING * * *
The elephant trunk-slaps you.
* * * LOW HITPOINT WARNING * * *
You block the elephant's attack. x2; The elephant tramples you.
* * * LOW HITPOINT WARNING * * *
The elephant trunk-slaps you but does no damage.
The elephant tramples you but does no damage.
The elephant trunk-slaps you but does no damage.
Your Fighting skill increases to level 13!
You cannot blink because you are held in place by your roots.
You cannot move.
You cannot move.
You cannot move.
You slash the elephant!
The elephant is lightly wounded.
The elephant tramples you but does no damage.
You block the elephant's attack.
The elephant tramples you but does no damage.
The elephant trunk-slaps you but does no damage.
The elephant tramples you but does no damage.
The elephant trunk-slaps you but does no damage.
Okay, then.
As you read the scroll labelled URHUTA XURI, it crumbles to dust.
You hear a loud clanging noise!
It was a scroll of noise.
You hear an angry hiss. x3; You hear a roar!
You hear an angry hiss.
You hear a bellow! x4; You hear an angry buzzing noise.
You hear an angry hiss. x2
You hear a bellow! x3; You hear a roar!
You hear an angry hiss. x5
The elephant tramples you!
* * * LOW HITPOINT WARNING * * *
You block the elephant's attack. The elephant tramples you!
You die...

#.YYYl......
##.YY$...... .
##........# .. ..
#.........# #...# ..
#..Y.##...# .....# .
###..##..#.##.....##
P
#......#...P^......#.
.
##.....YY†...........
.
##....Y♣†...........
#....YY<...........
#...............#..
#..P......†##.....#
#...?..##.#††.....#
##.PP......#......#
#..#.P.....#.....##
##..P.....##P....#
...P.....P#.......


You could see 5 elephants.

Vanquished Creatures
  A boulder beetle (Lair:5)
  6 hydras
  Urug (D:10)
  6 death yaks (Lair:5)
  Sonja (Lair:1)
  2 lindwurms (Lair:5)
  A necromancer (Lair:5)
  An orc knight (D:10)
  An ugly thing (D:9)
  10 elephants
  6 black mambas
  13 cane toads
  An ice statue (Lair:2)
  A torpor snail (Lair:1)
  A yaktaur (D:10)
  4 rime drakes
  A freezing wraith (Lair:2)
  9 komodo dragons
  A troll (D:9)
  4 blink frogs (Lair:2)
  2 polar bears
  2 hornets
  Prince Ribbit (D:8)
  7 dream sheep (Lair:3)
  3 redbacks (Lair:3)
  A shadow (D:9)
  Sigmund (D:5)
  7 wyverns
  12 yaks
  3 vampire mosquitoes (D:10)
  A steam dragon (D:7)
  5 basilisks
  3 wargs (D:8)
  A swamp worm (Lair:3)
  15 water moccasins
  2 orc warriors (D:10)
  9 ice beasts
  A black bear (D:5)
  A sky beast (D:6)
  2 elephant zombies (Lair:5)
  2 ogres
  A necrophage (D:6)
  10 wolves
  6 centaurs
  2 phantoms
  13 bullfrogs
  A komodo dragon zombie (Lair:5)
  Blork the orc (D:6)
  2 kobold brigands (D:8)
  A gnoll sergeant (D:9)
  A water moccasin zombie (D:5)
  2 scorpions
  A water moccasin skeleton (D:7)
  6 killer bees
  3 wights (D:8)
  5 electric eels
  A howler monkey (D:10)
  4 crimson imps (D:7)
  5 hounds
  6 jellies
  A basilisk zombie (Lair:5)
  6 orc priests
  Crazy Yiuf (D:7)
  2 centaur zombies
  A gnoll shaman (D:6)
  7 iguanas
  10 orc wizards
  5 hell rats (Lair:2)
  A killer bee zombie (D:5)
  2 howler monkey zombies
  9 gnolls
  13 adders
  14 white imps
  2 ufetubi (D:5)
  A worm (D:3)
  An adder skeleton (D:4)
  2 dart slugs (D:4)
  29 orcs
  3 bats (D:1)
  7 endoplasms
  2 giant cockroaches
  10 goblins
  5 hobgoblins
  4 jackals (D:1)
  7 quokkas
  3 ball pythons
  3 frilled lizards
  16 kobolds
  5 rats
395 creatures vanquished.

Vanquished Creatures (others)
  5 bushes
  27 fungi
  70 plants
102 creatures vanquished.

Grand Total: 497 creatures vanquished

Notes
Turn   | Place    | Note
-------+----------+-------------------------------------------
     0 | D:1      | hanibal1337 the Minotaur Fighter began the quest for the
                  | Orb.
     0 | D:1      | Reached XP level 1. HP: 19/19 MP: 0/0
    73 | D:1      | Reached XP level 2. HP: 27/27 MP: 1/1
   705 | D:2      | Reached skill level 3 in Long Blades
   705 | D:2      | Reached XP level 3. HP: 29/33 MP: 2/2
   714 | D:2      | Found a stormy altar of Qazlal.
  1538 | D:3      | Reached XP level 4. HP: 35/40 MP: 3/3
  1759 | D:3      | Found Icaleol's Jewellery Emporium.
  1868 | D:3      | Found a faded altar of an unknown god.
  2163 | D:4      | Reached skill level 5 in Armour
  2169 | D:4      | Reached XP level 5. HP: 31/46 MP: 4/4
  2175 | D:4      | Reached skill level 4 in Long Blades
  2612 | D:4      | Reached XP level 6. HP: 51/53 MP: 5/5
  2714 | D:4      | Reached skill level 5 in Long Blades
  2914 | D:4      | Identified the +1 ring mail of Poor Excuses {*Corrode rC-
                  | Will+++ Regen+}
  2965 | D:4      | Found Houppoh's Neck Hole.
  3209 | D:5      | Entered Level 5 of the Dungeon
  3381 | D:5      | Reached skill level 6 in Long Blades
  3381 | D:5      | Reached skill level 1 in Dodging
  3381 | D:5      | Reached XP level 7. HP: 56/60 MP: 6/6
  3435 | D:5      | Noticed Sigmund
  3442 | D:5      | Killed Sigmund
  3443 | D:5      | Reached skill level 5 in Fighting
  3607 | D:5      | Found Puam Fuj's Elemental Accessories.
  3620 | D:5      | Reached skill level 7 in Long Blades
  3816 | D:5      | Found Emefobeq's Jewellery Shop.
  3879 | D:6      | Reached XP level 8. HP: 60/69 MP: 7/7
  4196 | D:6      | Reached skill level 5 in Shields
  4215 | D:6      | Found a stormy altar of Qazlal.
  4219 | D:6      | Noticed an air elemental
  4221 | D:6      | Noticed Blork the orc
  4228 | D:6      | Killed Blork the orc
  4343 | D:6      | Reached skill level 8 in Long Blades
  4343 | D:6      | Reached skill level 1 in Stealth
  4558 | D:6      | Found an ancient bone altar of Kikubaaqudgha.
  4558 | D:6      | Found an opulent altar of Gozag.
  4559 | D:6      | Found a basalt altar of Yredelemnul.
  4560 | D:6      | Found a bloodstained altar of Trog.
  4565 | D:6      | Found a snail-covered altar of Cheibriados.
  4963 | D:7      | Found a staircase to the Ecumenical Temple.
  4982 | D:7      | Reached skill level 9 in Long Blades
  4989 | Temple   | Entered the Ecumenical Temple
  5711 | D:7      | Found a shimmering altar of Xom.
  5729 | D:7      | Reached XP level 9. HP: 43/78 MP: 8/8
  6094 | D:7      | Reached skill level 10 in Long Blades
  6261 | D:7      | Found a runed translucent door.
  6262 | D:7      | Noticed Crazy Yiuf
  6268 | D:7      | Killed Crazy Yiuf
  6607 | D:8      | Noticed Prince Ribbit
  6619 | D:8      | Killed Prince Ribbit
  6956 | D:8      | Found Nejidy's Jewellery Shop.
  7029 | D:8      | Found a staircase to the Lair.
  7058 | D:8      | Reached skill level 11 in Long Blades
  7540 | D:8      | HP: 3/77 [wight (7)]
  7543 | D:8      | Reached XP level 10. HP: 25/84 MP: 9/9
  7557 | D:9      | Found a shimmering blue altar of Sif Muna.
  7981 | D:8      | Found a glowing golden altar of the Shining One.
  8312 | D:8      | Found an iron altar of Okawaru.
  8313 | D:8      | Found a hazy altar of Hepliaklqana.
  8479 | D:8      | Became a worshipper of the Shining One
  8531 | D:9      | Identified the +0 falchion "Jetagow" {antimagic, Str+4
                  | Int-5 Dex+4}
  8792 | D:9      | Found a sparkling altar of Nemelex Xobeh.
  8869 | D:9      | Found a staircase to the Orcish Mines.
  9169 | D:10     | Entered Level 10 of the Dungeon
  9176 | D:10     | Identified the ring of Insomnia {rF+ rN+ MP+9 Int+2}
  9322 | D:10     | Reached skill level 10 in Armour
  9755 | D:10     | Reached skill level 12 in Long Blades
  9827 | D:10     | Noticed an orc knight
  9855 | D:10     | Killed an orc knight
 10037 | D:10     | Noticed Urug
 10043 | D:10     | Noticed a red ugly thing
 10062 | D:10     | Killed Urug
 10063 | D:10     | Reached skill level 5 in Dodging
 10094 | D:9      | Killed a red ugly thing
 10424 | D:10     | Reached XP level 11. HP: 96/97 MP: 10/10
 10460 | D:10     | Noticed an ice dragon
 10848 | Lair:1   | Entered Level 1 of the Lair of Beasts
 10848 | Lair:1   | Reached * piety under the Shining One
 11154 | Lair:1   | Noticed Sonja
 11164 | Lair:1   | Killed Sonja
 11968 | Lair:1   | Reached ** piety under the Shining One
 12168 | Lair:1   | Found the +4 skin of Zhor {*Englaciate rC+++ SInv}
 12191 | Lair:1   | Reached skill level 13 in Long Blades
 12778 | Lair:2   | Reached skill level 10 in Fighting
 13021 | Lair:2   | Reached *** piety under the Shining One
 13326 | Lair:2   | Found a dark tunnel.
 13334 | Lair:2   | Noticed a seven-headed hydra
 13351 | Lair:2   | Killed a one-headed hydra
 13352 | Lair:2   | Reached XP level 12. HP: 17/107 MP: 11/11
 13722 | Lair:2   | Reached skill level 1 in Axes
 14536 | Lair:3   | Reached skill level 14 in Long Blades
 14585 | Lair:3   | Reached skill level 10 in Shields
 14786 | Lair:3   | Found a hole to the Spider Nest.
 14799 | Lair:3   | Noticed a five-headed hydra
 15141 | Lair:3   | Noticed a five-headed hydra
 15148 | Lair:3   | Killed a one-headed hydra
 15320 | Lair:3   | Noticed a seven-headed hydra
 15333 | Lair:3   | Killed a one-headed hydra
 15573 | Lair:3   | Found a staircase to the Swamp.
 15675 | Lair:3   | Gained mutation: You have hidden genetic potential. [potion
                  | of mutation]
 16396 | Lair:3   | Killed a one-headed hydra
 17027 | Lair:4   | Noticed a seven-headed hydra
 17035 | Lair:4   | Killed a two-headed hydra
 17761 | Lair:4   | Identified the +3 scale mail of Qazlal's Favour {rN++
                  | Str+2}
 18067 | Lair:5   | Reached XP level 13. HP: 99/117 MP: 12/12
 18214 | Lair:5   | Reached skill level 1 in Invocations
 18883 | Lair:5   | Found a staircase to the Slime Pits.
 19113 | Lair:5   | Gained mutation: Your spells are a little harder to cast,
                  | but a little more powerful. [hidden potential]
 19551 | Lair:6   | Entered Level 6 of the Lair of Beasts
 19559 | Lair:6   | Paralysed by a hornet for 3 turns
 19877 | Lair:5   | Paralysed by a hornet for 1 turns
 20449 | Lair:6   | Reached **** piety under the Shining One
 20511 | Lair:5   | HP: 8/178 [poisoned by a water moccasin]
 20514 | Lair:5   | HP: 3/178 [elephant (3)]
 20518 | Lair:5   | HP: 1/178 [poisoned by a water moccasin]
 20962 | Lair:6   | Reached skill level 15 in Long Blades
 21017 | Lair:6   | HP: 7/178 [elephant (2)]
 21019 | Lair:6   | HP: 1/183 [elephant (7)]
 21019 | Lair:6   | Mangled by an elephant

Illustrated notes

Levels and vault maps discovered:
D:1:      dpeg_arrival_pits, layout_basic, minmay_stone_trees_small,
          minivault_23
D:2:      layout_basic, basic_altar, minmay_misc_feat_pillars
D:3:      layout_rooms, basic_ecumenical_altar, serial_shops,
          nicolae_shop_window_shopping
D:4:      minmay_chambers_of_fours, layout_basic, minmay_misc_feat_room,
          nicolae_shop_sticking_my_neck_out
D:5:      layout_rooms, nicolae_elemental_shop, minmay_shop_enchanted_jewellery,
          uniq_sigmund
D:6:      layout_loops_ring, minitemple, nicolae_qazlal_style_of_elements,
          uniq_blork_the_orc
D:7:      layout_rooms, led_xom_imps, minmay_temple_entry_junction,
          minmay_hedge_maze, uniq_crazy_yiuf_cottage
D:8:      layout_basic, lemuel_tele_altar, mainiacjoe_overflow_divided_tiny,
          erik_lair_orcish_takeover, serial_shops, shop, enter_bailey_5,
          roderic_lattice_a, uniq_prince_ribbit1
D:9:      layout_basic, nicolae_sif_muna_condensation,
          mainiacjoe_overflow_tiny_flanked, orc_0_dummy
D:10:     minmay_the_grid_3x3 [minmay_the_grid_stretched_grid,
          minmay_the_grid_spin_star, minmay_the_grid_eight,
          minmay_the_grid_zigzag_pyramid, minmay_the_grid_minigrid_small,
          minmay_the_grid_armoury, minmay_the_grid_outer_diamond,
          minmay_the_grid_rooms, minmay_the_grid_prize_four_corners_diamond_b],
          layout_basic, minmay_misc_feat_plants, uniq_urug
Temple:   dpeg_chambers_temple
Lair:1:   layout_misc_corridors, portal_ice_cave_entry_imps,
          nicolae_quartered_pool_super, hellmonk_guarded_unrand_zhor,
          grunt_megastairs_3, uniq_sonja
Lair:2:   layout_long_grid, enter_volcano_1, ice2_lemuel
Lair:3:   layout_gridlike, palyth_hydra_swamp_entry, spider_nest_entry_webs,
          beast_lair_carwin_9
Lair:4:   layout_regular_city, serial_bayou_shore_a, lemuel_fruit_tree
Lair:5:   pond_and_an_island_with_a_cottage, layout_regular_city,
          nicolae_slime_entry_slimehenge
Lair:6:   hangedman_lair_tendril_chambers, layout_regular_city,
          guppyfry_lair_end_dragon

Skill      XL: |  1  2  3  4  5  6  7  8  9 10 11 12 13 |
---------------+----------------------------------------+-----
Armour         | 4 5 6 7 8 9 10 11 12 13 | 13.0
Fighting       | 4 5 6 7 9 10 11 13 | 13.0
Long Blades    | 3 4 6 7 9 11 12 13 14 15 | 15.0
Shields        | 4 5 6 7 9 11 12 | 12.8
Dodging        | 1 2 3 5 6 7 |  7.2
Stealth        | 1 2 |  2.2
Axes           | 4 |  4.8
Invocations    | 3 |  3.4

Action                   |  1- 3 |  4- 6 |  7- 9 | 10-12 | 13-15 || total
-------------------------+-------+-------+-------+-------+-------++-------
Melee: Long sword        |    70 |   119 |   241 |   540 |   281 ||  1251
       Headbutt          |     8 |    20 |    46 |   114 |    67 ||   255
       War axe           |       |       |       |    37 |     6 ||    43
  Use: Scroll            |       |       |     2 |     7 |     3 ||    12
       Potion            |       |       |     1 |    10 |     8 ||    19
Armor: Scale mail        |    41 |    47 |   116 |   175 |   102 ||   481
       Skin              |       |       |       |       |   123 ||   123
Dodge: Dodged            |    39 |    56 |   136 |   252 |   134 ||   617
Block: Buckler           |    11 |    18 |    60 |   331 |   251 ||   671
       Reflection        |       |       |       |    10 |       ||    10

Table legend: (Time is in decaauts)
 A = Elapsed time spent in this place.
 B = Non-inter-level travel time spent in this place.
 C = Inter-level travel time spent in this place.
 D = Time resting spent in this place.
 E = Time spent auto-exploring this place.
 F = Levels seen in this place.
 G = Mean time per level.
                   A        B        C        D        E       F      G
               +--------+--------+--------+--------+--------+-----+--------+
         Total |  20832 |  20481 |    351 |    100 |  17162 |  17 | 1225.4 |
       Dungeon |  10233 |  10059 |    174 |    100 |   8140 |  10 | 1023.3 |
        Temple |    596 |    596 |      0 |      0 |    391 |   1 |  596.0 |
          Lair |  10002 |   9826 |    176 |      0 |   8631 |   6 | 1667.0 |
               +--------+--------+--------+--------+--------+-----+--------+

Top non-repeatable levels by time:
  Lair:5: 2393 daAuts
  Lair:2: 2276 daAuts
     D:8: 1902 daAuts
  Lair:3: 1773 daAuts
  Lair:1: 1769 daAuts
  Lair:4: 1550 daAuts
     D:9: 1302 daAuts
     D:6: 1097 daAuts
     D:4: 1095 daAuts
     D:7: 1035 daAuts
    D:10: 991 daAuts
     D:3: 820 daAuts
     D:2: 666 daAuts
     D:1: 663 daAuts
     D:5: 658 daAuts
